 Dungeon Crawl Stone Soup version 0.20.1-1-g8b1a95d (webtiles) character file.

298 TheGuigne the Cudgeler (level 6, 23/62 HPs)
             Began as an Ogre Berserker on Aug 13, 2017.
             Was a Priest of Trog.
             Quit the game on level 3 of the Dungeon.
             The game lasted 00:04:57 (2959 turns).

TheGuigne the Cudgeler (Ogre Berserker)             Turns: 2959, Time: 00:04:57

Health: 23/62      AC:  3    Str: 23    XL:     6   Next: 35%
Magic:  6/6        EV: 11    Int:  8    God:    Trog [***...]
Gold:   120        SH:  0    Dex: 14    Spells: 5/5 levels left

rFire    . . .     SeeInvis .   p - +0 giant club
rCold    . . .     Gourm    .   (shield currently unavailable)
rNeg     . . .     Faith    .   b - +0 animal skin
rPois    .         Spirit   .   h - +0 hat
rElec    .         Reflect  .   (no cloak)
rCorr    .         Harm     .   (gloves unavailable)
MR       .....                  (boots unavailable)
Stlth    +.........             (no amulet)
Regen    0.2/turn               t - +5 ring of dexterity
MPRegen  0.1/turn               (no ring)

@: mildly poisoned (23 -> 23)
A: unfitting armour, tough skin 1
a: Berserk, Trog's Hand, Burn Spellbooks, Renounce Religion


You were on level 3 of the Dungeon.
You worshipped Trog.
Trog was most pleased with you.
You were not hungry.

You visited 1 branch of the dungeon, and saw 3 of its levels.

You collected 120 gold pieces.

Inventory:

Hand Weapons
 a - a +0 mace
 p - a +0 giant club (weapon)
Armour
 b - a +0 animal skin (worn)
 h - a +0 hat (worn)
Jewellery
 t - a +5 ring of dexterity (left hand)
Scrolls
 d - 2 scrolls of recharging {unknown}
 e - 3 scrolls of magic mapping {unknown}
 f - a scroll of remove curse {unknown}
 j - 2 scrolls of identify {unknown}
 k - a scroll of teleportation {unknown}
 l - a scroll of enchant armour {unknown}
 n - a scroll of enchant weapon {unknown}
 q - a scroll of blinking {unknown}
Potions
 i - a potion of curing {unknown}
 m - 3 potions of flight {unknown}
 o - a potion of resistance {unknown}
 s - a potion of berserk rage {unknown}
 v - a potion of heal wounds {unknown}
Comestibles
 c - 2 bread rations
 g - a meat ration
 r - 6 chunks of flesh
 u - 4 fruits
 w - a royal jelly


   Skills:
 + Level 4.2 Fighting
 + Level 6.2 Maces & Flails
 - Level 2.6 Dodging


You had 5 spell levels left.
You didn't know any spells.

Dungeon Overview and Level Annotations

Branches:
Dungeon (3/15)

Altars:


Innate Abilities, Weirdness & Mutations

You are too large for most types of armour.
You have tough skin. (AC +1)


Message History

You barely miss the frilled lizard. The frilled lizard bites you.
The frilled lizard barely misses you.
You barely miss the frilled lizard. The frilled lizard barely misses you.
You thump the frilled lizard!
You kill the frilled lizard!
Trog accepts your kill.
You feel sick. The orc barely misses you.
You see here a frilled lizard corpse.
You barely miss the orc. The orc hits you.
You bludgeon the orc!!
You kill the orc!
Trog accepts your kill.
You feel sick.
Things that are here:
a ring mail; an orc corpse; a frilled lizard corpse You see here a bat corpse.
Quiver which item? (- for none, * to show all) (? for menu, Esc to quit)
Okay, then.
Are you sure you want to abandon this character and quit the game? (Confirm with "yes".)

#..# #.................
##.##
####.########....... #..#
#.....# .......
##.###.....# .......
#..##.....# ......#
##.##.....# ......#
#.##.....#######).....#
###..#...............#
#...[......@[........#
#......##............#
#......##..........[.#
#(.....##...............
#####..##[############o.o
##.##.# ... #..#'########
.. #...........#
#...).......#


There were no monsters in sight!

Vanquished Creatures
  An ogre (D:3)
  Jessica (D:2)
  2 orc wizards (D:3)
  Robin (D:2)
  2 adders (D:3)
  2 oozes
  4 worms
  2 leopard geckos
  4 orcs (D:3)
  4 giant cockroaches
  24 goblins
  9 hobgoblins
  2 quokkas
  A ball python (D:3)
  8 bats
  4 frilled lizards
  8 kobolds
  A rat (D:3)
80 creatures vanquished.

Notes
Turn   | Place    | Note
-------+----------+-------------------------------------------
     0 | D:1      | TheGuigne the Ogre Berserker began the quest for the Orb.
     0 | D:1      | Reached XP level 1. HP: 24/24 MP: 1/1
    60 | D:1      | Reached skill level 3 in Maces & Flails
    60 | D:1      | Reached XP level 2. HP: 18/32 MP: 2/2
   691 | D:1      | Reached XP level 3. HP: 37/39 MP: 3/3
  1245 | D:2      | Reached ** piety under Trog
  1245 | D:2      | Reached skill level 4 in Maces & Flails
  1257 | D:2      | Noticed Jessica
  1276 | D:2      | Killed Jessica
  1276 | D:2      | Reached XP level 4. HP: 48/48 MP: 4/4
  1822 | D:2      | Noticed Robin
  1830 | D:2      | Killed Robin
  2074 | D:2      | Reached skill level 5 in Maces & Flails
  2221 | D:3      | Reached XP level 5. HP: 54/54 MP: 5/5
  2222 | D:3      | Noticed an ogre
  2231 | D:3      | Killed an ogre
  2712 | D:3      | Reached XP level 6. HP: 60/62 MP: 6/6
  2797 | D:3      | Reached skill level 6 in Maces & Flails
  2944 | D:3      | Reached *** piety under Trog
  2959 | D:3      | Quit the game

Skill      XL: |  1  2  3  4  5  6 |
---------------+-------------------+-----
Maces & Flails | 3 4 5 6 |  6.2
Fighting       | |  4.2
Dodging        | |  2.6

Action                   |  1- 3 |  4- 6 || total
-------------------------+-------+-------++-------
Melee: Mace              |    87 |    68 ||   155
       Giant club        |       |    54 ||    54
Invok: Berserk           |     2 |     1 ||     3
 Stab: Sleeping          |     1 |     1 ||     2
  Eat: Chunk             |     2 |     8 ||    10
Armor: Animal skin       |    29 |    19 ||    48
Dodge: Dodged            |    52 |    57 ||   109
